 Dungeon Crawl Stone Soup version 0.18-a0-1396-g8753ca6 (webtiles) character file.

1507 dvd the Sneak (level 8, -2/48 HPs)
             Began as an Octopode Ice Elementalist on Feb 23, 2016.
             Slain by Duvessa
             ... wielding a +0 rapier
              (7 damage)
             ... on level 6 of the Dungeon.
             The game lasted 00:18:35 (4065 turns).

dvd the Sneak (Octopode Ice Elementalist)           Turns: 4065, Time: 00:18:36

Health: -2/48      AC:  1    Str:  9    XL:     8   Next: 82%
Magic:  9/15       EV: 14    Int: 17    God:
Gold:   220        SH:  0    Dex: 13    Spells: 3 memorised, 11 levels left

rFire  . . .     SeeInvis .     B - +2 dagger (holy)
rCold  . . .     Gourm    .     (no shield)
rNeg   . . .     Faith    .     (helmet restricted)
rPois  .         Spirit   .     v - amulet of regeneration
rElec  .         Dismiss  .     (no ring)
rCorr  .         Reflect  .     (no ring)
SustAt .         Harm     .     (no ring)
MR     .....                    (no ring)
Stlth  +++++.....               (no ring)
                                (no ring)
                                (no ring)
                                (no ring)

@: not resistant to hostile enchantments, quite stealthy
A: almost no armour, amphibious, 8 rings, constrict 8, camouflage 1, gelatinous
body 1
a: no special abilities


You were on level 6 of the Dungeon.
You were very hungry.

You visited 1 branch of the dungeon, and saw 6 of its levels.

You collected 220 gold pieces.

Inventory:

Hand Weapons
 f - a +1 dagger of draining
 o - a +1 flail of holy wrath
 s - a +1 antimagic short sword
 z - a +0 war axe
 B - a +2 dagger of holy wrath (weapon)
Missiles
 i - a javelin (quivered)
Jewellery
 r - an uncursed amulet of guardian spirit
 v - an amulet of regeneration (around mantle)
Wands
 t - a wand of iceblast (10/15)
Scrolls
 e - 3 scrolls of remove curse
 n - 4 scrolls of identify
 x - a scroll of fear
 y - a scroll of teleportation {unknown}
 A - a scroll of recharging {unknown}
Potions
 d - a potion of might {unknown}
 g - 2 potions of agility {unknown}
 j - a potion of lignification {unknown}
 l - 2 potions of brilliance {unknown}
 q - 3 potions of curing {unknown}
 u - a potion of mutation {unknown}
 D - a potion of cancellation {unknown}
Books
 a - a book of Frost

   Spells                             Type                      Level
   a - Freeze                         Ice                          1
   b - Throw Frost                    Conjuration/Ice              2
   c - Ozocubu's Armour               Charms/Ice                   3
   d - Throw Icicle                   Conjuration/Ice              4
   e - Summon Ice Beast               Ice/Summoning                4
Comestibles
 b - 3 bread rations
 h - a meat ration
 w - a slice of pizza
 C - a beef jerky


   Skills:
 + Level 1.6 Fighting
 + Level 1.8 Short Blades
 + Level 1.1 Maces & Flails
 + Level 1.3 Throwing
 + Level 4.3 Dodging
 + Level 7.6 Stealth
 + Level 5.1 Spellcasting
 + Level 1.8 Conjurations
 + Level 2.2 Charms
 + Level 5.6 Ice Magic


You had 11 spell levels left.
You knew the following spells:

 Your Spells              Type           Power        Failure   Level  Hunger
a - Freeze                Ice            ###.         1%          1    None
b - Throw Frost           Conj/Ice       ###...       6%          2    #......
c - Ozocubu's Armour      Chrm/Ice       ###.....     10%         3    ###....


Dungeon Overview and Level Annotations

Branches:
Dungeon (6/15)
 Temple: D:4-7

Altars:
Yredelemnul

Shops:
D:5 }

Annotations:
D:5 Pikel
D:6 Dowan, Duvessa


Innate Abilities, Weirdness & Mutations

You cannot wear most types of armour.
You are amphibious.
You can wear up to eight rings at the same time.
You can use your tentacles to constrict eight enemies at once.
Your skin changes colour to match your surroundings (Stealth).
Your rubbery body absorbs attacks (AC +1).


Message History

Kidiri's ghost casts a spell at you.
The fireball explodes!
The fireball engulfs you!
Your icy armour melts away.
Ouch! That really hurt!
* * * LOW HITPOINT WARNING * * *
The fireball engulfs Kidiri's ghost.
Kidiri's ghost is destroyed!
Your Dodging skill increases to level 4!
Your Spellcasting skill increases to level 5!
An orc warrior comes into view. It is wielding a flail.
The orc warrior shouts!
You hear a shout! x7; You hear a croak.
You climb downwards.
Duvessa and Dowan come into view.
Found a dagger.
Found an escape hatch in the floor.
There is a stone staircase leading up here.
The helpless Duvessa fails to defend herself.
You impale Duvessa!! Your grab misses Duvessa.
Duvessa is almost dead.
Duvessa hits you with a rapier!
You die...

#.. ..# .
#.#
..#####.#
........##
.......).
........#
.......@#
......e.#
....>e..#
#........
#.#######
#


You could see Duvessa and Dowan (sleeping).

Vanquished Creatures
  Grinder (D:5)
  Sigmund (D:4)
  A slave (D:5)
  A centaur (D:5)
  2 ogres (D:5)
  Blork the orc (D:4)
  7 orc wizards
  An iguana (D:4)
  5 worker ants
  7 adders
  A shadow imp (D:5)
  2 oozes
  A worm (D:3)
  5 dart slugs
  4 giant geckos
  19 orcs
  8 bats
  3 giant cockroaches
  6 goblins
  7 hobgoblins
  11 jackals
  4 quokkas
  A ball python (D:3)
  4 giant newts
  9 kobolds
  7 rats
  A withered plant (D:2)
120 creatures vanquished.

Vanquished Creatures (others)
  The ghost of Kidiri the Thaumaturge, a novice DEFE of Vehumet (D:5)
1 creature vanquished.

Grand Total: 121 creatures vanquished

Notes
Turn   | Place    | Note
--------------------------------------------------------------
     0 | D:1      | dvd the Octopode Ice Elementalist began the quest for the Orb.
     0 | D:1      | Reached XP level 1. HP: 11/11 MP: 3/3
   270 | D:1      | Reached XP level 2. HP: 17/17 MP: 5/5
   285 | D:1      | Learned a level 2 spell: Throw Frost
   572 | D:1      | Reached skill level 3 in Stealth
   572 | D:1      | Reached XP level 3. HP: 21/21 MP: 6/6
   861 | D:1      | Reached skill level 1 in Throwing
  1173 | D:1      | Learned a level 3 spell: Ozocubu's Armour
  1221 | D:2      | Found a basalt altar of Yredelemnul.
  1464 | D:2      | Reached XP level 4. HP: 25/27 MP: 0/7
  2050 | D:3      | Reached skill level 4 in Stealth
  2092 | D:3      | Reached XP level 5. HP: 31/31 MP: 0/9
  2577 | D:4      | Noticed Sigmund
  2594 | D:4      | Killed Sigmund
  2594 | D:4      | Reached skill level 5 in Stealth
  2594 | D:4      | Reached skill level 1 in Charms
  2594 | D:4      | Reached XP level 6. HP: 37/37 MP: 7/11
  3049 | D:4      | Noticed Blork the orc
  3052 | D:4      | Killed Blork the orc
  3052 | D:4      | Reached skill level 6 in Stealth
  3052 | D:4      | Reached XP level 7. HP: 42/42 MP: 12/12
  3366 | D:5      | Entered Level 5 of the Dungeon
  3368 | D:5      | Reached skill level 1 in Fighting
  3368 | D:5      | Reached skill level 1 in Short Blades
  3488 | D:5      | Noticed Grinder
  3510 | D:5      | Killed Grinder
  3510 | D:5      | Reached skill level 7 in Stealth
  3510 | D:5      | Reached XP level 8. HP: 26/48 MP: 8/14
  3616 | D:5      | Reached skill level 5 in Ice Magic
  3675 | D:5      | Reached skill level 1 in Maces & Flails
  3858 | D:5      | Found Zoine's Gadget Shop.
  3936 | D:5      | Noticed Kidiri's ghost (novice DEFE)
  4027 | D:5      | Noticed Pikel
  4062 | D:5      | Killed Kidiri's ghost
  4062 | D:5      | Reached skill level 5 in Spellcasting
  4064 | D:6      | Noticed Duvessa
  4064 | D:6      | Noticed Dowan
  4065 | D:6      | Slain by Duvessa

Vault maps used:
D:1:      minmay_arrival_plants_in_alcoves, minmay_fountain_box,
          minmay_misc_feat_more_columns, minmay_misc_feat_iff
D:2:      yredelemnul_altar_generic
D:4:      first_bread, kennysheep_small_circle, uniq_blork_the_orc, uniq_sigmund
D:5:      serial_shops, nicolae_shop_stone, st_stairs_13, uniq_prince_ribbit1,
          uniq_pikel, uniq_grinder
D:6:      overflow_temple_1_default, serial_shops, shop, lemuel_statue_altar,
          uniq_duvessa

Skill      XL: |  1  2  3  4  5  6  7  8 |
---------------+-------------------------+-----
Stealth        | 3 4 5 6 7 |  7.6
Throwing       | 1 |  1.3
Spellcasting   | 3 4 5 |  5.1
Charms         | 1 2 |  2.2
Ice Magic      | 4 5 |  5.6
Dodging        | 3 4 |  4.3
Fighting       | 1 |  1.6
Short Blades   | 1 |  1.8
Maces & Flails | 1 |  1.1
Conjurations   | |  1.8

Action                   |  1- 3 |  4- 6 |  7- 9 || total
-------------------------+-------+-------+-------++-------
Melee: Unarmed           |     4 |       |       ||     4
       Mace              |     8 |       |       ||     8
       Dagger            |    46 |    70 |    85 ||   201
       Flail             |       |     4 |    11 ||    15
Throw: Javelin           |    14 |     5 |     1 ||    20
 Cast: Freeze            |    17 |    11 |     7 ||    35
       Throw Frost       |     7 |    12 |    13 ||    32
       Ozocubu's Armour  |     2 |     8 |    11 ||    21
  Use: Scroll            |       |     1 |     6 ||     7
 Stab: Sleeping          |    11 |    12 |     8 ||    31
  Eat: Chunk             |     2 |     7 |     4 ||    13
